BSA
NEW YORK KNIGHTS @ KANSAS CITY KINGS
09/14/2027
 
TOP OF THE 1ST
New York Knights batting - Pitching for Kansas City Kings : RHP Ron Young
Pitching: RHP Ron Young
Batting: RHB Gabriel Erwin 0-0: Called Strike
0-1: Called Strike
0-2: Ball
1-2: Foul Ball, location: 2F
1-2: Ball
2-2: Foul Ball, location: 2F
2-2: Strikes out swinging
Batting: RHB Richard Coker 0-0: Ball
1-0: Called Strike
1-1: Foul Ball, location: 2F
1-2: Ground out 4-3 (Groundball, 4)
Batting: LHB Warren Potter 0-0: Ball
1-0: Fly out, F4 (Line Drive, 4)
Top of the 1st over - 0 run(s), 0 hit(s), 0 error(s), 0 left on base; New York 0 - Kansas City 0
BOTTOM OF THE 1ST
Kansas City Kings batting - Pitching for New York Knights : RHP Dan Wilson
Pitching: RHP Dan Wilson
Batting: RHB Chris Chandler 0-0: Ball
1-0: Foul Ball, location: 2F
1-1: Swinging Strike
1-2: SINGLE (Line Drive, 7LM)
Batting: LHB Luis González 0-0: Called Strike
0-1: Foul Ball, location: 2F
0-2: Ball
1-2: Ball
2-2: Ground out U3 (Groundball, 3S)
Chris Chandler to second
Batting: LHB Brian Boone 0-0: Ball
Throwing error on steal attempt, E2
Chris Chandler scores
1-0: Ball
2-0: Called Strike
2-1: Ball
3-1: Ground out 1-3 (Groundball, 15S)
Batting: RHB Toshimichi Kono 0-0: Called Strike
0-1: Ball
1-1: Fly out, F9 (Flyball, 89S)
Bottom of the 1st over - 1 run(s), 1 hit(s), 1 error(s), 0 left on base; New York 0 - Kansas City 1
TOP OF THE 2ND
New York Knights batting - Pitching for Kansas City Kings : RHP Ron Young
Batting: SHB Marvin Harris 0-0: Ball
1-0: Foul Ball, location: 2F
1-1: DOUBLE (Line Drive, 7D)
Batting: RHB Lonnie Anderson 0-0: Called Strike
0-1: Ball
1-1: Ball
2-1: Swinging Strike
2-2: Strikes out swinging
Batting: LHB Tom Blake 0-0: Ball
1-0: Called Strike
1-1: Swinging Strike
1-2: Ball
2-2: Ball
3-2: Base on Balls
Batting: RHB Pepe Carrasco 0-0: Called Strike
0-1: Fly out, F8 (Flyball, 78D)
Batting: RHB Jacob Pope 0-0: Fielders Choice at 2nd, 5-4 (Groundball, 56)
Top of the 2nd over - 0 run(s), 1 hit(s), 0 error(s), 1 left on base; New York 0 - Kansas City 1
BOTTOM OF THE 2ND
Kansas City Kings batting - Pitching for New York Knights : RHP Dan Wilson
Batting: SHB Douglas Taylor 0-0: Ground out 3-1 (Groundball, 34)
Batting: RHB Dave Parker 0-0: Swinging Strike
0-1: Called Strike
0-2: Ball
1-2: Ball
2-2: Ball
3-2: Foul Ball, location: 2F
3-2: Foul Ball, location: 2F
3-2: Foul Ball, location: 2F
3-2: Foul Ball, location: 2F
3-2: Ground out 6-3 (Groundball, 6MS)
Batting: LHB Bruno Lalonde 0-0: SINGLE (Line Drive, 78S)
Batting: SHB António De La Cruz 0-0: SINGLE (Flyball, 89S)
Bruno Lalonde to second
Runner from 2nd tries for 3rd, SAFE, throw made to third
António De La Cruz to second
Batting: LHB Ray Spencer 0-0: Ball
1-0: Foul Ball, location: 2F
1-1: Swinging Strike
1-2: Strikes out looking
Bottom of the 2nd over - 0 run(s), 2 hit(s), 0 error(s), 2 left on base; New York 0 - Kansas City 1
TOP OF THE 3RD
New York Knights batting - Pitching for Kansas City Kings : RHP Ron Young
Batting: RHB Yasuhiko Sumita 0-0: Ground out 6-3 (Groundball, 6)
Batting: RHB Gabriel Erwin 0-0: Ball
1-0: Ball
2-0: Foul Ball, location: 2F
2-1: Swinging Strike
2-2: Strikes out swinging
Batting: RHB Richard Coker 0-0: Swinging Strike
0-1: Ball
1-1: Ball
2-1: Foul Ball, location: 2F
2-2: Ball
3-2: Strikes out swinging
Top of the 3rd over - 0 run(s), 0 hit(s), 0 error(s), 0 left on base; New York 0 - Kansas City 1
BOTTOM OF THE 3RD
Kansas City Kings batting - Pitching for New York Knights : RHP Dan Wilson
Batting: RHB Chris Chandler 0-0: Called Strike
0-1: Ball
1-1: Reached on error, E5 (Groundball, 56)
Batting: LHB Luis González 0-0: Called Strike
0-1: Called Strike
0-2: SINGLE (Groundball, 25) (infield hit)
Chris Chandler to second
Batting: LHB Brian Boone 0-0: SINGLE (Line Drive, 7S)
Chris Chandler to third
Luis González to second
Batting: RHB Toshimichi Kono 0-0: DOUBLE (Flyball, 9D)
Chris Chandler scores
Luis González scores
Brian Boone to third
Runner from 3rd tries for Home, SAFE, no throw
Batting: SHB Douglas Taylor 0-0: Called Strike
0-1: Ball
1-1: Ball
2-1: Swinging Strike
2-2: Fly out, F7 (Flyball, 7LMF)
Batting: RHB Dave Parker 0-0: Ball
1-0: Called Strike
1-1: Ball
2-1: Swinging Strike
2-2: Fly out, F9 (Flyball, 9D)
Runner from 2nd tags up, SAFE at 3rd, no throw
Batting: LHB Bruno Lalonde 0-0: Called Strike
0-1: Ball
1-1: Fly out, F9 (Flyball, 89S)
Bottom of the 3rd over - 3 run(s), 3 hit(s), 1 error(s), 1 left on base; New York 0 - Kansas City 4
TOP OF THE 4TH
New York Knights batting - Pitching for Kansas City Kings : RHP Ron Young
Batting: LHB Warren Potter 0-0: Called Strike
0-1: Ground out 6-3 (Groundball, 6)
Batting: SHB Marvin Harris 0-0: Called Strike
0-1: Foul Ball, location: 2F
0-2: Strikes out looking
Batting: RHB Lonnie Anderson 0-0: Called Strike
0-1: Foul Ball, location: 2F
0-2: Ball
1-2: Strikes out swinging
Top of the 4th over - 0 run(s), 0 hit(s), 0 error(s), 0 left on base; New York 0 - Kansas City 4
BOTTOM OF THE 4TH
Kansas City Kings batting - Pitching for New York Knights : RHP Dan Wilson
Batting: SHB António De La Cruz 0-0: Fly out, F8 (Flyball, 8LXD)
Batting: LHB Ray Spencer 0-0: Fly out, F9 (Flyball, 9)
Batting: RHB Chris Chandler 0-0: Swinging Strike
0-1: Ball
1-1: Foul Ball, location: 2F
1-2: Foul Ball, location: 2F
1-2: Ball
2-2: DOUBLE (Line Drive, 7LD)
Batting: LHB Luis González 0-0: Foul Ball, location: 2F
0-1: Ball
1-1: Ball
2-1: DOUBLE (Line Drive, 7LS)
Chris Chandler scores
Pitching: RHP Thatcher Smith
Batting: LHB Brian Boone 0-0: Called Strike
0-1: Swinging Strike
0-2: Ball
1-2: Foul Ball, location: 2F
1-2: Foul Ball, location: 2F
1-2: Strikes out swinging
Bottom of the 4th over - 1 run(s), 2 hit(s), 0 error(s), 1 left on base; New York 0 - Kansas City 5
TOP OF THE 5TH
New York Knights batting - Pitching for Kansas City Kings : RHP Ron Young
Batting: LHB Tom Blake 0-0: Fly out, F7 (Flyball, 78D)
Batting: RHB Pepe Carrasco 0-0: Ball
1-0: Foul Ball, location: 2F
1-1: Foul Ball, location: 2F
1-2: Ball
2-2: Ball
3-2: Base on Balls
Batting: RHB Jacob Pope 0-0: Called Strike
0-1: Fly out, F9 (Flyball, 9S)
Batting: RHB Yasuhiko Sumita 0-0: Foul Ball, location: 2F
0-1: Ball
1-1: Swinging Strike
1-2: Strikes out looking
Top of the 5th over - 0 run(s), 0 hit(s), 0 error(s), 1 left on base; New York 0 - Kansas City 5
BOTTOM OF THE 5TH
Kansas City Kings batting - Pitching for New York Knights : RHP Thatcher Smith
Batting: RHB Toshimichi Kono 0-0: Swinging Strike
0-1: Fly out, F6 (Popup, 6D)
Batting: SHB Douglas Taylor 0-0: Called Strike
0-1: Ball
1-1: Swinging Strike
1-2: Strikes out swinging, 2-3 out at first.
Batting: RHB Dave Parker 0-0: Ball
1-0: Foul Ball, location: 2F
1-1: Ball
2-1: SINGLE (Groundball, 6D)
Batting: LHB Bruno Lalonde 0-0: Foul Ball, location: 2F
0-1: Swinging Strike
0-2: Ball
1-2: Foul Ball, location: 2F
1-2: Ball
2-2: Ball
3-2: Foul Ball, location: 2F
3-2: 2-RUN HOME RUN (Flyball, 8RXD), Distance : 390 ft
Batting: SHB António De La Cruz 0-0: Foul Ball, location: 2F
0-1: Ball
1-1: Ball
2-1: Ball
3-1: Base on Balls
Batting: LHB Ray Spencer 0-0: Ball
1-0: Ball
2-0: Fly out, F3 (Line Drive, 34)
Bottom of the 5th over - 2 run(s), 2 hit(s), 0 error(s), 1 left on base; New York 0 - Kansas City 7
TOP OF THE 6TH
New York Knights batting - Pitching for Kansas City Kings : RHP Ron Young
Batting: RHB Gabriel Erwin 0-0: Called Strike
0-1: Ball
1-1: Foul Ball, location: 2F
1-2: Foul Ball, location: 2F
1-2: Ball
2-2: Foul Ball, location: 2F
2-2: Strikes out looking
Batting: RHB Richard Coker 0-0: Ball
1-0: Swinging Strike
1-1: Called Strike
1-2: Foul Ball, location: 2F
1-2: Strikes out swinging
Batting: LHB Warren Potter 0-0: Foul Ball, location: 2F
0-1: Foul Ball, location: 2F
0-2: Foul Ball, location: 2F
0-2: Ball
1-2: Foul Ball, location: 2F
1-2: Ball
2-2: DOUBLE (Flyball, 78D)
Batting: SHB Marvin Harris 0-0: Ball
1-0: Swinging Strike
1-1: Swinging Strike
1-2: Ball
2-2: Ball
3-2: Strikes out swinging
Top of the 6th over - 0 run(s), 1 hit(s), 0 error(s), 1 left on base; New York 0 - Kansas City 7
BOTTOM OF THE 6TH
Kansas City Kings batting - Pitching for New York Knights : RHP Thatcher Smith
Batting: RHB Chris Chandler 0-0: Fly out, F6 (Line Drive, 6)
Batting: LHB Luis González 0-0: Ball
1-0: Ball
2-0: Called Strike
2-1: Fly out, F4 (Line Drive, 34)
Batting: LHB Brian Boone 0-0: Ball
1-0: Ball
2-0: SOLO HOME RUN (Flyball, 89XD), Distance : 371 ft
Pitching: RHP James Jones
Batting: RHB Toshimichi Kono 0-0: Ball
1-0: Ground out 4-3 (Groundball, 34)
Bottom of the 6th over - 1 run(s), 1 hit(s), 0 error(s), 0 left on base; New York 0 - Kansas City 8
TOP OF THE 7TH
New York Knights batting - Pitching for Kansas City Kings : RHP Ron Young
Batting: RHB Lonnie Anderson 0-0: Foul Ball, location: 2F
0-1: Foul Ball, location: 2F
0-2: Ball
1-2: Foul Ball, location: 2F
1-2: Foul Ball, location: 2F
1-2: SINGLE (Line Drive, 8RS)
Batting: LHB Tom Blake 0-0: SINGLE (Groundball, 4MD)
Lonnie Anderson to second
Runner from 2nd tries for 3rd, SAFE, no throw
Pitching: LHP Tim Miller
Batting: RHB Pepe Carrasco 0-0: Ball
1-0: Fielders Choice at 2nd, 1-6 (Groundball, 13)
Batting: RHB Jacob Pope 0-0: SINGLE (Groundball, 6MD)
Lonnie Anderson scores
Pepe Carrasco to second
Batting: RHB Yasuhiko Sumita 0-0: Swinging Strike
0-1: Swinging Strike
0-2: Strikes out swinging
Batting: RHB Gabriel Erwin 0-0: Foul Ball, location: 2F
0-1: SINGLE (Line Drive, 6M)
Pepe Carrasco to third
Jacob Pope to second
Runner from 3rd tries for Home, SAFE, no throw
Batting: RHB Richard Coker 0-0: Ball
1-0: Foul Ball, location: 2F
1-1: Foul Ball, location: 2F
1-2: Ball
2-2: Ball
3-2: Base on Balls
Jacob Pope to third
Gabriel Erwin to second
Batting: LHB Warren Potter 0-0: Ball
1-0: Foul Ball, location: 2F
1-1: Foul Ball, location: 2F
1-2: Ball
2-2: Ball
3-2: Base on Balls
Jacob Pope scores
Gabriel Erwin to third
Richard Coker to second
Pitching: RHP Nariaki Tanaka
Batting: SHB Marvin Harris 0-0: Ball
1-0: DOUBLE (Flyball, 89D)
Gabriel Erwin scores
Richard Coker scores
Warren Potter to third
Runner from 3rd tries for Home, SAFE, no throw
Batting: RHB Lonnie Anderson 0-0: Called Strike
0-1: Ball
1-1: Swinging Strike
1-2: Strikes out swinging
Top of the 7th over - 6 run(s), 5 hit(s), 0 error(s), 1 left on base; New York 6 - Kansas City 8
BOTTOM OF THE 7TH
Kansas City Kings batting - Pitching for New York Knights : RHP James Jones
Batting: SHB Douglas Taylor 0-0: SINGLE (Line Drive, 56)
Batting: RHB Dave Parker 0-0: Sac Bunt - play at first, batter OUT! 1-3
Douglas Taylor to second
Pitching: LHP Leo Huggins
Batting: LHB Bruno Lalonde 0-0: Ground out 6-3 (Groundball, 6S)
Douglas Taylor to third
Batting: SHB António De La Cruz 0-0: Ball
1-0: Called Strike
1-1: SINGLE (Groundball, 34D)
Douglas Taylor scores
Pitching: RHP Steve Poe
Batting: LHB Ray Spencer 0-0: Fielders Choice at 2nd, 4-6 (Groundball, 4)
Bottom of the 7th over - 1 run(s), 2 hit(s), 0 error(s), 0 left on base; New York 6 - Kansas City 9
TOP OF THE 8TH
New York Knights batting - Pitching for Kansas City Kings : RHP Nariaki Tanaka
Batting: LHB Tom Blake 0-0: Ball
1-0: Fly out, F7 (Flyball, 78XD)
Batting: RHB Pepe Carrasco 0-0: Called Strike
0-1: Ground out 6-3 (Groundball, 6)
Batting: RHB Jacob Pope 0-0: Ball
1-0: Called Strike
1-1: Swinging Strike
1-2: Fly out, F9 (Flyball, 89S)
Top of the 8th over - 0 run(s), 0 hit(s), 0 error(s), 0 left on base; New York 6 - Kansas City 9
BOTTOM OF THE 8TH
Kansas City Kings batting - Pitching for New York Knights : RHP Steve Poe
Batting: RHB Chris Chandler 0-0: Called Strike
0-1: Ball
1-1: Ball
2-1: SINGLE (Line Drive, 8LS)
Batting: LHB Luis González 0-0: Called Strike
0-1: Ball
1-1: Bunted foul
1-2: Foul Ball, location: 2F
1-2: Grounds into double play, 6-4-3 (Groundball, 6M)
Batting: LHB Brian Boone 0-0: Called Strike
0-1: Ball
1-1: Ground out 4-3 (Groundball, 4)
Bottom of the 8th over - 0 run(s), 1 hit(s), 0 error(s), 0 left on base; New York 6 - Kansas City 9
TOP OF THE 9TH
New York Knights batting - Pitching for Kansas City Kings : RHP Nariaki Tanaka
Pitching: RHP Alberto Bonilla
Batting: RHB Yasuhiko Sumita 0-0: Ball
1-0: Ball
2-0: Fly out, F9 (Flyball, 9S)
Batting: RHB Gabriel Erwin 0-0: Called Strike
0-1: Foul Ball, location: 2F
0-2: Ground out 3-1 (Groundball, 3S)
Batting: RHB Richard Coker 0-0: Called Strike
0-1: Called Strike
0-2: Ball
1-2: Strikes out swinging, 2-3 out at first.
Top of the 9th over - 0 run(s), 0 hit(s), 0 error(s), 0 left on base; New York 6 - Kansas City 9
Thursday, March 30th, 2017 - OOTP Baseball 17.12 Build 75